 Dungeon Crawl Stone Soup version 0.21-a0-329-g12f17e1 (webtiles) character file.

2047 nikopol the Thaumaturge (level 9, 0/46 HPs)
             Began as a Deep Elf Fire Elementalist on Oct 1, 2017.
             Was an Initiate of Sif Muna.
             Succumbed to a worker ant's poison
             ... on level 7 of the Dungeon.
             The game lasted 00:24:45 (6453 turns).

nikopol the Thaumaturge (DEFE)                      Turns: 6453, Time: 00:24:46

Health: 0/46       AC:  7    Str:  5    XL:     9   Next: 4%
Magic:  6/24       EV: 13    Int: 24    God:    Sif Muna [......]
Gold:   343        SH:  0    Dex: 15    Spells: 15/26 levels left

rFire    . . .     SeeInvis .   g - +1 dagger (protect)
rCold    . . .     Gourm    .   (no shield)
rNeg     . . .     Faith    .   a - +0 robe
rPois    .         Spirit   .   A - +0 helmet
rElec    .         Reflect  .   C - +1 cloak
rCorr    .         Harm     .   (no gloves)
MR       .....                  d - +1 pair of boots
Stlth    +++.......             (no amulet)
HPRegen  0.15/turn              (no ring)
MPRegen  0.19/turn              (no ring)

@: lethally poisoned (0 -> -3)
A: no striking features
a: Renounce Religion


You were on level 7 of the Dungeon.
You worshipped Sif Muna.
Sif Muna was noncommittal.
You were very hungry.

You visited 2 branches of the dungeon, and saw 8 of its levels.

You collected 343 gold pieces.

Inventory:

Hand Weapons
 e - a +0 dagger
 g - a +1 dagger of protection (weapon)
 t - a +1 dagger of electrocution
Armour
 a - a +0 robe (worn)
 d - a +1 pair of boots (worn)
 A - a +0 helmet (worn)
 C - a +1 cloak (worn)
Jewellery
 f - a +2 ring of protection {unknown}
Wands
 s - a wand of enslavement (13/24)
 x - a wand of iceblast (5/15)
 y - a wand of scattershot (8/9)
 E - a wand of digging (14/24)
 J - a wand of flame (30/48)
Scrolls
 i - 11 scrolls of identify
 v - 2 scrolls of remove curse
 w - 2 scrolls of teleportation
Potions
 h - 3 potions of heal wounds
 j - 2 potions of lignification {unknown}
 l - a potion of flight {unknown}
 m - 3 potions of curing
 o - a potion of cancellation {unknown}
 q - a potion of brilliance {unknown}
 r - a potion of invisibility {unknown}
 B - 2 potions of haste
 F - a potion of might {unknown}
 H - a potion of berserk rage {unknown}
Books
 b - a book of Flames

   Spells                             Type                      Level
   a - Flame Tongue                   Conjuration/Fire             1
   b - Throw Flame                    Conjuration/Fire             2
   c - Conjure Flame                  Conjuration/Fire             3
   d - Inner Flame                    Hexes/Fire                   3
   e - Sticky Flame                   Conjuration/Fire             4
   f - Fireball                       Conjuration/Fire             5
 G - a book of Cantrips

   Spells                             Type                      Level
   a - Confusing Touch                Hexes                        1
   b - Animate Skeleton               Necromancy                   1
   c - Summon Small Mammal            Summoning                    1
   d - Apportation                    Translocation                1
Comestibles
 c - 5 bread rations
 k - 2 meat rations
 D - 3 fruits
 I - a royal jelly


   Skills:
 + Level 0.6 Fighting
 + Level 3.1 Dodging
 + Level 3.7 Stealth
 + Level 9.3 Spellcasting
 + Level 6.6 Conjurations
 + Level 8.3 Fire Magic


You had 15 spell levels left.
You knew the following spells:

 Your Spells              Type           Power        Failure   Level  Hunger
a - Flame Tongue          Conj/Fire      #####        1%          1    None
b - Throw Flame           Conj/Fire      #####.       1%          2    None
c - Conjure Flame         Conj/Fire      #####...     1%          3    None
d - Fireball              Conj/Fire      #####.....   7%          5    ####...


Dungeon Overview and Level Annotations

Branches:
Dungeon (7/15)             Temple (1/1) D:6

Altars:
Ashenzari
Dithmenos
Elyvilon
Fedhas
Hepliaklqana
Kikubaaqudgha
Nemelex Xobeh
Qazlal
Ru
Sif Muna
Trog
Wu Jian
Lugonu

Shops:
D:5 [

Annotations:
D:7 Joseph


Message History

You feel sick.
Casting: Fireball
Confirm with . or Enter, or press ? or * to list all spells.
Aiming: Fireball
Press: ? - help, Shift-Dir - straight line, f - orc, p - orc warrior
Aim: an orc, wielding a hand axe The fireball explodes!
The fireball engulfs the orc.
You kill the orc!
Sif Muna accepts your kill.
The fireball engulfs the orc warrior.
The orc warrior is severely wounded.
You hear an angry hiss.
The orc warrior throws a stone.
The stone closely misses you.
You hear the hiss of a distant avalanche of sand.
You feel sick.
The orc warrior throws a stone.
The stone hits you!
* * * LOW HITPOINT WARNING * * *
There is an escape hatch in the floor, spattered with blood here.
You see here a stone.
You die...

.........o)....#o.
#......!o%.<.l(..
#####..........##o...
#.........#....###...
#.#....((†)).......##
#############..........o#..######
...........#..#....#........ #
.............#..#>....#..... .
.........†......@..####..... #
.....................>......
................#######.....
..<)(......)##..# ...
...........[#...#
.......####...#.#
#########....##.# #...###.# #..##
#.#


You could see an orc.

Vanquished Creatures
  The ghost of vishdafish the Charmwright, an amateur DsSk of Cheibriados (D:4)
  2 sky beasts (D:5)
  6 ogres
  2 centaurs (D:6)
  A big kobold (D:7)
  A wyvern zombie (D:6)
  A wyvern skeleton (D:6)
  A scorpion (D:3)
  A howler monkey (D:4)
  A crimson imp (D:6)
  A centaur zombie (D:3)
  A jelly (D:6)
  A hound (D:4)
  4 orc wizards
  An orc priest (D:5)
  2 bullfrog skeletons
  Crazy Yiuf (D:4)
  Natasha (thrice) (D:4)
  2 worker ants
  A hound skeleton (D:5)
  3 gnolls (D:7)
  8 adders
  A shadow imp (D:5)
  An adder zombie (D:5)
  3 worms
  8 dart slugs
  9 leopard geckos
  18 orcs
  2 ball pythons
  6 giant cockroaches
  9 goblins
  5 hobgoblins
  4 jackals
  4 quokkas
  14 bats
  3 frilled lizards
  13 kobolds
  A quokka zombie (D:5)
  10 rats
156 creatures vanquished.

Notes
Turn   | Place    | Note
-------+----------+-------------------------------------------
     0 | D:1      | nikopol the Deep Elf Fire Elementalist began the quest for the Orb.
     0 | D:1      | Reached XP level 1. HP: 10/10 MP: 6/6
    67 | D:1      | Reached XP level 2. HP: 15/15 MP: 2/8
   396 | D:1      | Reached XP level 3. HP: 19/19 MP: 5/10
   486 | D:1      | Learned a level 2 spell: Throw Flame
   490 | D:1      | Learned a level 3 spell: Conjure Flame
  1110 | D:2      | Reached XP level 4. HP: 24/24 MP: 8/11
  1195 | D:3      | Reached skill level 4 in Spellcasting
  1872 | D:3      | Reached skill level 5 in Fire Magic
  1872 | D:3      | Reached XP level 5. HP: 13/28 MP: 6/13
  2101 | D:3      | Found an ornate altar of the Wu Jian Council.
  2242 | D:3      | Reached skill level 5 in Spellcasting
  2331 | D:4      | Noticed an ogre
  2337 | D:4      | Killed an ogre
  2337 | D:4      | Reached XP level 6. HP: 33/33 MP: 6/15
  2411 | D:4      | Found an ancient bone altar of Kikubaaqudgha.
  2413 | D:4      | Found a blossoming altar of Fedhas.
  2722 | D:4      | Noticed vishdafish's ghost (amateur DsSk)
  2958 | D:4      | Reached skill level 6 in Spellcasting
  2958 | D:4      | Reached XP level 7. HP: 37/37 MP: 7/18
  3103 | D:4      | Noticed Natasha
  3108 | D:4      | Killed Natasha
  3199 | D:4      | Found a runed door.
  3381 | D:4      | Killed vishdafish's ghost
  3381 | D:4      | Reached skill level 7 in Spellcasting
  3546 | D:4      | Reached skill level 5 in Conjurations
  3551 | D:4      | Noticed Natasha
  3553 | D:4      | Killed Natasha
  3637 | D:4      | Noticed Crazy Yiuf
  3646 | D:4      | Killed Crazy Yiuf
  3721 | D:4      | Noticed Natasha
  3723 | D:4      | Killed Natasha
  3723 | D:4      | Reached XP level 8. HP: 42/42 MP: 13/21
  3730 | D:4      | Learned a level 5 spell: Fireball
  3768 | D:5      | Entered Level 5 of the Dungeon
  4142 | D:5      | Reached skill level 8 in Spellcasting
  4609 | D:5      | Found Bikoatyo's Armour Shoppe.
  5746 | D:6      | Reached skill level 9 in Spellcasting
  5836 | D:6      | Found a staircase to the Ecumenical Temple.
  5845 | Temple   | Entered the Ecumenical Temple
  5889 | Temple   | Became a worshipper of Sif Muna the Loreminder
  6308 | D:7      | Reached XP level 9. HP: 46/46 MP: 12/24
  6372 | D:7      | Noticed Joseph
  6452 | D:7      | HP: 1/46 [orc warrior/stone (17)]
  6453 | D:7      | Succumbed to a worker ant's poison

Vault maps used:
D:1:      saegor_arrival_simple_b
D:2:      first_bread, hex_large
D:3:      lemuel_doored_altar, minivault_14, grunt_ministairs_12
D:4:      grunt_temple_overflow_growth_and_decay, uniq_crazy_yiuf_cottage,
          uniq_natasha
D:5:      serial_shops, shop
D:6:      lemuel_temple_firewalk_a
D:7:      nicolae_ossuary_entry_giza, uniq_joseph
Temple:   corrupted_temple

Skill      XL: |  1  2  3  4  5  6  7  8 |
---------------+-------------------------+-----
Fire Magic     | 4 5 6 8 |  8.3
Spellcasting   | 4 5 6 7 9 |  9.3
Conjurations   | 2 3 4 5 6 |  6.6
Stealth        | 3 |  3.7
Dodging        | 3 |  3.1
Fighting       | |  0.6

Action                   |  1- 3 |  4- 6 |  7- 9 || total
-------------------------+-------+-------+-------++-------
Melee: Dagger            |       |       |     4 ||     4
 Cast: Flame Tongue      |    69 |   126 |   144 ||   339
       Throw Flame       |       |    15 |    39 ||    54
       Conjure Flame     |       |     6 |     6 ||    12
       Fireball          |       |       |     3 ||     3
  Use: Scroll            |       |       |     9 ||     9
  Eat: Chunk             |       |     6 |    10 ||    16
Armor: Robe              |       |     4 |    10 ||    14
Dodge: Dodged            |     8 |    32 |    32 ||    72

Table legend:
 A = Spawn XP
 B = Non-spawn XP
 C = Spawn XP percentage of total XP
 D = Spawn monster count
 E = Non-spawn monster count
 F = Spawn count percentage of total count
 G = Total turns spent on level
                    A         B        C        D         E        F      G
               +---------+---------+-------+---------+---------+-------+---------
         Total |       0 |    2925 |   0.0 |       0 |     156 |   0.0 |  6453
               +---------+---------+-------+---------+---------+-------+---------
           D:1 |       0 |      54 |   0.0 |       0 |      25 |   0.0 |   739
           D:2 |       0 |      70 |   0.0 |       0 |      26 |   0.0 |   775
           D:3 |       0 |     212 |   0.0 |       0 |      38 |   0.0 |   835
           D:4 |       0 |    1091 |   0.0 |       0 |      22 |   0.0 |  1419
           D:5 |       0 |     470 |   0.0 |       0 |      15 |   0.0 |  1544
           D:6 |       0 |     842 |   0.0 |       0 |      20 |   0.0 |   922
           D:7 |       0 |     186 |   0.0 |       0 |      10 |   0.0 |   151
               +---------+---------+-------+---------+---------+-------+---------
